 Dungeon Crawl Stone Soup version 0.19-a0 (webtiles) character file.

18 warlockg3 the Grave Robber (level 2, -3/19 HPs)
             Began as a Mummy Necromancer on Apr 27, 2016.
             Slain by a worm (10 damage)
             ... on level 2 of the Dungeon.
             The game lasted 00:03:38 (1256 turns).

warlockg3 the Grave Robber (Mummy Necromancer)      Turns: 1256, Time: 00:03:40

Health: -3/19      AC:  3    Str: 11    XL:     2   Next: 51%
Magic:  14/14      EV: 11    Int: 14    God:
Gold:   47         SH:  0    Dex: 12    Spells: 2 memorised, 3 levels left

rFire  x . .     SeeInvis .     h - +1 broad axe (distort)
rCold  + . .     Gourm    .     e - +0 leather armour
rNeg   + + +     Faith    .     (no shield)
rPois  ∞         Spirit   .     (no helmet)
rElec  .         Dismiss  .     (no cloak)
rCorr  .         Reflect  .     (no gloves)
SustAt .         Harm     .     (no boots)
MR     .....                    (no amulet)
Stlth  +.........               (no ring)
                                g - ring of magical power

@: not resistant to hostile enchantments, very unstealthy
A: no food or potions, fire vulnerability, cold resistance 1, negative energy
resistance 3, torment resistance, unbreathing
a: no special abilities


You were on level 2 of the Dungeon.
You were not hungry.

You visited 1 branch of the dungeon, and saw 2 of its levels.

You collected 47 gold pieces.

Inventory:

Hand Weapons
 h - a +1 broad axe of distortion (weapon)
Armour
 a - a +0 robe
 e - a +0 leather armour (worn)
Jewellery
 g - a ring of magical power (left hand)
Scrolls
 c - a scroll of immolation {unknown}
 d - a scroll of random uselessness {unknown}
 f - 2 scrolls of magic mapping {unknown}
Books
 b - a book of Necromancy

   Spells                             Type                      Level
   a - Pain                           Necromancy                   1
   b - Animate Skeleton               Necromancy                   1
   c - Vampiric Draining              Necromancy                   3
   d - Regeneration                   Charms/Necromancy            3
   e - Animate Dead                   Necromancy                   4
   f - Control Undead                 Necromancy                   4


   Skills:
 + Level 0.2 Armour
 + Level 1.7 Dodging
 + Level 1.5 Stealth
 + Level 2.1 Spellcasting
 + Level 4.4 Necromancy


You had 3 spell levels left.
You knew the following spells:

 Your Spells              Type           Power        Failure   Level  Hunger
a - Pain                  Necr           ##..         6%          1    N/A
b - Animate Skeleton      Necr           N/A          6%          1    N/A

Dungeon Overview and Level Annotations

Branches:
Dungeon (2/15)

Altars:

Annotations:
D:2 Sigmund


Innate Abilities, Weirdness & Mutations

You do not eat or drink.
Your flesh is vulnerable to fire.
You are immune to poison.
Your flesh is cold resistant.
You are immune to negative energy.
You are immune to unholy pain and torment.
You can survive without breathing.


Message History

Sigmund closely misses you. The rat bites you but does no damage.
The ball python misses you. The ball python barely misses you.
The worm barely misses you. The rat barely misses you.
The ball python bites you but does no damage.
The ball python barely misses you. Sigmund misses you.
The ball python bites you but does no damage.
The ball python grabs you. The ball python constricts you.
You closely miss the rat. You barely miss the worm. You slash the ball python!
You kill the ball python!
You miss Sigmund.
You feel less confused. Sigmund hits you with a scythe. The rat bites you.
The rat barely misses you.
You slash the rat!
You kill the rat!
You hit Sigmund.
Sigmund is lightly wounded.
Sigmund blinks!
You barely miss the worm. Sigmund barely misses you.
The worm barely misses you. The worm bites you!
Ouch! That really hurt!
You die...

.# #.... . ## #... . #.
#...... # ##... .#
#.##....... ####...
.###..........
##....####..............
##..##......# #.........
##........# #.........
....##...######.@...<...
...............w@.......
.......######...w§......
...##.## #...#.........
..###.# ................
.## ........####...%....
.. ....##### ##.......
..## ## #.....# ...
#...## . ...#


You could see Sigmund and 2 worms.

Vanquished Creatures
  A dart slug (D:1)
  4 goblins
  3 hobgoblins
  A ball python (D:2)
  2 bats (D:1)
  A kobold (D:1)
  2 rats
14 creatures vanquished.

Vanquished Creatures (collateral kills)
  A giant cockroach (D:1)
  A giant newt (D:1)
2 creatures vanquished.

Grand Total: 16 creatures vanquished

Notes
Turn   | Place    | Note
--------------------------------------------------------------
     0 | D:1      | warlockg3 the Mummy Necromancer began the quest for the Orb.
     0 | D:1      | Reached XP level 1. HP: 13/13 MP: 3/3
   331 | D:1      | Learned a level 1 spell: Animate Skeleton
   437 | D:1      | Reached XP level 2. HP: 6/19 MP: 1/5
  1110 | D:1      | You fall through a shaft!
  1249 | D:2      | Noticed Sigmund
  1256 | D:2      | Slain by a worm

Vault maps used:
D:1:      dpeg_arrival_long_road, minmay_misc_feat_chi, due_unseen_surprise
D:2:      serial_bayou_pond_b, uniq_sigmund

Action                   || total
-------------------------++-------
Melee: Unarmed           ||    57
       Broad axe         ||     6
 Cast: Pain              ||     9
       Animate Skeleton  ||     3
 Stab: Sleeping          ||     2
Armor: Robe              ||     6
       Leather armour    ||     7
Dodge: Dodged            ||    65
